 Dungeon Crawl Stone Soup version 0.29-a0-284-gf9362112df (webtiles) character file.

Game seed: 16639031426377319072

2779 experimilk the Cleaver (level 9, -2/77 HPs)
             Began as a Palentonga Abyssal Knight on Mar 31, 2022.
             Was an Elder of Lugonu.
             Slain by a hornet (10 damage)
             ... on level 7 of the Dungeon.
             The game lasted 00:25:45 (9443 turns).

experimilk the Cleaver (Palentonga Abyssal Knight)  Turns: 9443, Time: 00:25:46

Health: -2/77      AC: 18    Str: 20    XL:     9   Next: 42%
Magic:  10/12      EV:  9    Int: 11    God:    Lugonu [****..]
Gold:   390        SH:  0    Dex: 11    Spells: 8/8 levels left

rFire   . . .      SeeInvis +   F - +1 battleaxe (freeze)
rCold   . . .      Faith    .   (shield currently unavailable)
rNeg    . . .      Spirit   .   e - +0 chain mail
rPois   .          Reflect  .   n - +2 helmet
rElec   .          Harm     .   (no cloak)
rCorr   .          Rampage  .   (no gloves)
Will    .....                   (no barding)
Stlth   ..........              (no amulet)
HPRegen 0.22/turn               r - +4 ring of evasion
MPRegen 0.13/turn               s - ring of flight

@: lethally poisoned (-2 -> -15), flying, slowed, curled up, very slow
A: large, rugged brown scales 3, see invisible, deformed body, roll 1, armoured
tail, reflexive curl
a: Rolling Charge, Renounce Religion, Depart the Abyss, Bend Space, Banish,
Corrupt


You were on level 7 of the Dungeon.
You worshipped Lugonu.
Lugonu was greatly pleased with you.
You visited 2 branches of the dungeon, and saw 8 of its levels.
You visited the Abyss 1 time.

You collected 390 gold pieces.

Inventory:

Hand Weapons
 a - a +1 hand axe
 B - a +0 war axe
 F - a +1 battleaxe of freezing (weapon)
 G - a +1 war axe
Missiles
 g - 4 poisoned darts (quivered)
 k - 5 silver boomerangs
Armour
 b - a +0 leather armour
 e - a +0 chain mail (worn)
 n - a +2 helmet (worn)
 o - the +0 ring mail "Ladomebb" {Rampage rCorr SInv Stlth-}
   (You found it on level 2 of the Dungeon)

   SInv:      It lets you see invisible.
   rCorr:     It protects you from acid and corrosion.
   Rampage:   It bestows one free step when moving towards enemies.
   Stlth:     It makes you less stealthy.
Jewellery
 f - a ring of positive energy
 r - a +4 ring of evasion (left hand)
 s - a ring of flight (right hand)
Wands
 l - a wand of acid (12)
 q - a wand of flame (8)
Scrolls
 c - 2 scrolls of blinking
 d - 3 scrolls of teleportation
 i - 4 scrolls of amnesia
 j - 3 scrolls of magic mapping
 p - 2 scrolls of torment
 t - a scroll of vulnerability {unknown}
 v - a scroll of enchant weapon {unknown}
 y - 2 scrolls of summoning
 z - a scroll of immolation {unknown}
 C - a scroll of acquirement {unknown}
Potions
 h - 3 potions of brilliance
 m - 2 potions of heal wounds
 u - 2 potions of attraction
 w - a potion of resistance
 x - a potion of might
 A - 2 potions of curing
 D - a potion of haste
 E - a potion of flight
 H - 2 potions of lignification {unknown}


   Skills:
 * Level 7.4 Fighting
 * Level 9.9 Axes
 + Level 3.8 Armour
 - Level 0.7 Dodging
 + Level 4.3 Invocations


You had 8 spell levels left.
You didn't know any spells.
Your spell library contained the following spells:

 Spells                   Type           Power      Damage    Failure   Level
 Shock                    Conj/Air       0%         1d3       98%         1
 Ensorcelled Hibernation  Hex/Ice        0%         N/A       99%         2
 Passwall                 Tmut/Erth      0%         N/A       99%         2
 Confusing Touch          Hex            0%         N/A       100%        3
 Summon Guardian Golem    Hex/Summ       0%         N/A       100%        3
 Swiftness                Air            0%         N/A       100%        3
 Airstrike                Air            0%         N/A       100%        4
 Yara's Violent Unravell  Hex/Tmut       0%         3d3       100%        5
 Enfeeble                 Hex            0%         N/A       100%        7
 Orb of Destruction       Conj           0%         9d5       100%        7
 Spellforged Servitor     Conj/Summ      0%         N/A       100%        7


Dungeon Overview and Level Annotations

Branches:
Dungeon (7/15)             Temple (1/1) D:4

Altars:
Ashenzari
Cheibriados
Dithmenos
Elyvilon
Fedhas
Gozag
Hepliaklqana
Kikubaaqudgha
Makhleb
Nemelex Xobeh
Okawaru
Qazlal
Ru
Sif Muna
Trog
Uskayaw
Vehumet
Wu Jian
Xom
Yredelemnul
Zin

Annotations:
D:6 2 transporters, Krypt's ghost, amateur DrEE


Innate Abilities, Weirdness & Mutations

You are completely covered in rugged brown scales. (AC +3, +7% HP)
You have supernaturally acute eyesight. (SInv)
Armour fits poorly on your strangely shaped body.
You can roll at nearby foes to attack.
You have a long armoured tail.
You curl defensively after being hit. (AC +7*)


Message History

You closely miss the hornet.
The hornet is severely wounded.
You feel yourself speed up.
You feel sick. The hornet barely misses you. The hornet stings you.
You are more poisoned.
You suddenly lose the ability to move!
You feel very sick.
The hornet stings you but does no damage.
The hornet stings you!
You are more poisoned.
You shrug off the repeated paralysis!
You feel very sick.
The hornet stings you but does no damage.
You can move again.
You miss the hornet.
The hornet is severely wounded.
You feel very sick. The hornet stings you.
* * * LOW HITPOINT WARNING * * *
You feel yourself slow down.
The hornet stings you but does no damage.
You feel better. The hornet closely misses you. The hornet stings you.
You are poisoned.
You feel as though you will be slow longer.
You don't know any spells.
Space bends around you!
You blink.
You feel very sick. Space bends around you!
You blink.
You feel sick.
Roll where?
Press: ? - help, Dir - move target, f/p - hornet
Aim: a hornet (severely wounded)
You roll forward with a clatter of scales!
You closely miss the hornet.
Your tail-slap misses the hornet.
The hornet is severely wounded.
You feel sick. The hornet stings you!
* * * LOW HITPOINT WARNING * * *
You are lethally poisoned!
You feel as though you will be slow longer.
The hornet stings you!
You die...

......#.......#..# ...
#....#......##..# ..
#....#......##..#####
#....#...........#..+
#....'...........#..#
#....#..........>#..#
#..##....#...........'..#
#......y.#########...#..#
#.....†.@##.....##..##..+
#........○#.....##..##..#
#..##...(.#..........#..#
### #.....#..........#..#
#......#..........#..#
#......#.........#####
#.....##.....##..##..#
#.....####+####..##..#
#..... ............#


You could see a hornet.

Vanquished Creatures
  Joseph (D:7)
  Eustachio (D:5)
  Sigmund (D:4)
  2 water moccasins
  Duvessa (D:6)
  A sky beast (D:7)
  A black bear (D:6)
  2 ice beasts
  An ogre (D:6)
  A phantom (D:6)
  2 bullfrogs (D:6)
  A necrophage (D:4)
  2 scorpions
  4 wights (D:6)
  Dowan (D:6)
  5 howler monkeys
  7 hounds
  2 iguanas (D:5)
  3 orc wizards
  Natasha (thrice) (D:2)
  5 adders
  A gnoll (Temple)
  3 worms
  4 dart slugs
  12 orcs
  6 endoplasms
  4 giant cockroaches
  6 goblins
  9 hobgoblins
  11 kobolds
  8 quokkas
  4 ball pythons
  6 bats
  A frilled lizard (D:3)
  8 rats
130 creatures vanquished.

Notes
Turn   | Place    | Note
-------+----------+-------------------------------------------
     0 | Abyss:1  | experimilk the Palentonga Abyssal Knight began the quest
                  | for the Orb.
     0 | Abyss:1  | Reached XP level 1. HP: 19/19 MP: 2/2
    82 | Abyss:1  | Noticed a thrashing horror
   133 | Abyss:1  | Noticed a ynoxinul
   137 | D:1      | Escaped the Abyss
   219 | D:1      | Reached XP level 2. HP: 24/25 MP: 3/3
   306 | D:1      | Reached skill level 3 in Axes
   867 | D:1      | Reached XP level 3. HP: 31/31 MP: 4/4
  1419 | D:2      | Identified the +0 ring mail "Ladomebb" {Rampage rCorr SInv
                  | Stlth-}
  1421 | D:2      | Noticed Natasha
  1426 | D:2      | Killed Natasha
  1427 | D:2      | Reached skill level 4 in Axes
  1427 | D:2      | Reached XP level 4. HP: 20/37 MP: 5/5
  1464 | D:2      | Reached *** piety under Lugonu
  1535 | D:2      | Found a faded altar of an unknown god.
  1716 | D:2      | Noticed Natasha
  1779 | D:2      | Killed Natasha
  2107 | D:2      | Reached skill level 5 in Axes
  2158 | D:2      | Noticed Natasha
  2167 | D:2      | Killed Natasha
  2168 | D:2      | Reached XP level 5. HP: 23/43 MP: 6/6
  2852 | D:3      | Identified the +5 mace of the Harvest {elec, *Noise rF+
                  | Will+}
  3148 | D:4      | Found a staircase to the Ecumenical Temple.
  3212 | Temple   | Entered the Ecumenical Temple
  3505 | D:4      | Reached skill level 6 in Axes
  3505 | D:4      | Reached XP level 6. HP: 32/50 MP: 2/7
  4086 | D:4      | Noticed Sigmund
  4548 | Temple   | HP: 2/50 [gnoll/+0 scythe (9)]
  5351 | D:4      | Killed Sigmund
  5352 | D:4      | Gained mutation: You curl defensively after being hit. (AC
                  | +7*) [Palentonga growth]
  5352 | D:4      | Reached XP level 7. HP: 56/56 MP: 9/9
  5743 | D:5      | Entered Level 5 of the Dungeon
  5841 | D:5      | Reached skill level 7 in Axes
  5946 | D:5      | Noticed Eustachio
  5973 | D:5      | Killed Eustachio
  6463 | D:5      | Reached XP level 8. HP: 65/65 MP: 10/10
  6727 | D:5      | Reached **** piety under Lugonu
  6728 | D:5      | Reached skill level 8 in Axes
  6797 | D:6      | Noticed Duvessa
  6798 | D:6      | Noticed Dowan
  7337 | D:6      | Killed Dowan
  7340 | D:6      | Killed Duvessa
  7341 | D:6      | Reached skill level 5 in Fighting
  7597 | D:6      | Noticed a toenail golem
  7623 | D:6      | Found a transporter.
  7644 | D:6      | Reached skill level 9 in Axes
  7654 | D:6      | Found a transporter.
  8141 | D:6      | Reached XP level 9. HP: 42/75 MP: 11/11
  8594 | D:6      | Noticed Krypt's ghost (amateur DrEE)
  8707 | D:7      | Noticed Joseph
  8720 | D:7      | Killed Joseph
  9430 | D:7      | Paralysed by a hornet for 2 turns
  9436 | D:7      | Paralysed by a hornet for 3 turns
  9443 | D:7      | Slain by a hornet

Illustrated notes

Levels and vault maps discovered:
D:1:      minmay_arrival_open_corners, layout_basic
D:2:      wad_river_or_something, layout_basic,
          hellmonk_ecumenical_altar_pennies_from_heaven, minmay_misc_feat_tower,
          uniq_natasha
D:3:      layout_basic
D:4:      layout_loops_ring, minmay_temple_entry_sparse_star, sigmund_army
D:5:      kennysheep_spiral_hall, layout_rooms, uniq_eustachio
D:6:      layout_rooms, gammafunk_ghost_abyssal_escape,
          kennysheep_generic_room_7, uniq_duvessa
D:7:      layout_gridville, hangedman_abyss_or_decor_stagger, uniq_joseph
Temple:   mainiacjoe_temple_archimedes_tessellation

Skill      XL: |  1  2  3  4  5  6  7  8  9 |
---------------+----------------------------+-----
Axes           | 3 4 5 6 7 9 |  9.9
Armour         | 2 3 |  3.8
Invocations    | 3 4 |  4.3
Fighting       | 4 6 7 |  7.4
Dodging        | |  0.7

Action                   |  1- 3 |  4- 6 |  7- 9 || total
-------------------------+-------+-------+-------++-------
Melee: Hand axe          |    98 |   131 |   123 ||   352
       Tailslap          |     7 |    17 |    43 ||    67
       Punch             |     2 |     1 |     3 ||     6
       War axe           |       |       |    41 ||    41
       Battleaxe         |       |       |    73 ||    73
Throw: Dart              |     1 |     3 |     1 ||     5
Invok: Depart the Abyss  |     1 |       |       ||     1
       Bend Space        |       |     9 |     5 ||    14
 Abil: Rolling Charge    |    22 |    38 |    33 ||    93
Evoke: Wand              |       |     5 |    14 ||    19
  Use: Scroll            |       |     4 |    12 ||    16
       Potion            |       |     3 |     1 ||     4
Armor: Leather armour    |     2 |       |       ||     2
       Chain mail        |    42 |    13 |   126 ||   181
       Ring mail         |       |    32 |       ||    32
Dodge: Dodged            |    17 |    71 |   112 ||   200

Table legend: (Time is in decaauts)
 A = Elapsed time spent in this place.
 B = Non-inter-level travel time spent in this place.
 C = Inter-level travel time spent in this place.
 D = Time resting spent in this place.
 E = Time spent auto-exploring this place.
 F = Levels seen in this place.
 G = Mean time per level.
                   A        B        C        D        E       F      G
               +--------+--------+--------+--------+--------+-----+--------+
         Total |   9453 |   9193 |    260 |   4684 |   2183 |   9 | 1050.3 |
       Dungeon |   8261 |   8033 |    228 |   4079 |   1905 |   7 | 1180.1 |
        Temple |   1055 |   1023 |     32 |    605 |    196 |   1 | 1055.0 |
         Abyss |    137 |    137 |      0 |      0 |     82 |   1 |  137.0 |
               +--------+--------+--------+--------+--------+-----+--------+

Top non-repeatable levels by time:
     D:5: 1469 daAuts
     D:6: 1462 daAuts
     D:2: 1405 daAuts
     D:4: 1120 daAuts
     D:3: 1103 daAuts
  Temple: 1055 daAuts
     D:1: 918 daAuts
     D:7: 781 daAuts
 Abyss:1: 137 daAuts
